 Dungeon Crawl Stone Soup version 0.30-a0-879-ga8ba668304 (webtiles) character file.

Game seed: 6851178134216727025

196 CowFu the Covered (level 5, 0/49 HPs)
             Began as an Armataur Fighter on Mar 12, 2023.
             Was an Initiate of the Shining One.
             Slain by a gnoll
             ... wielding a +0 flail
             ... led by a gnoll sergeant
              (9 damage)
             ... on level 3 of the Dungeon.
             The game lasted 00:02:57 (1890 turns).

CowFu the Covered (Armataur Fighter)                Turns: 1890, Time: 00:02:57

Health: 0/49       AC:  7    Str: 23    XL:     5   Next: 46%
Magic:  5/5        EV:  7    Int:  8    God:    the Shining One [......]
Gold:   103        SH:  4    Dex: 10    Spells: 4/4 levels left

rFire   . . .      SeeInvis .    a - +1 flail
rCold   . . .      Faith    .    c - +0 buckler
rNeg    . . .      Spirit   .    b - +0 scale mail
rPois   .          Reflect  .    (no helmet)
rElec   .          Roll     +    (no cloak)
rCorr   .                        (no gloves)
Will    .....                    (no barding) Stlth
                                 (no amulet)
HPRegen 0.28/turn                g - ring of flight
MPRegen 0.09/turn                (no ring)

@: mighty, flying, glowing
A: large, rugged brown scales 3, deformed body, armoured tail, roll, long
tongue, awkward tongue
a: Renounce Religion


You were on level 3 of the Dungeon.
You worshipped the Shining One.
The Shining One was noncommittal.
You visited 1 branch of the dungeon, and saw 3 of its levels.

You collected 103 gold pieces.

Inventory:

Hand Weapons
 a - a +1 flail (weapon)
Armour
 b - a +0 scale mail (worn)
 c - a +0 buckler (worn)
Jewellery
 g - a ring of flight (left hand)
Scrolls
 h - 3 scrolls of vulnerability {unknown}
 l - a scroll of enchant weapon
 m - 4 scrolls of identify
Potions
 e - 2 potions of haste {unknown}
 f - 2 potions of degeneration {unknown}
 j - a potion of resistance {unknown}
 k - a potion of curing {unknown}
 n - a potion of cancellation {unknown}
 o - a potion of attraction {unknown}
 q - 3 potions of heal wounds {unknown}


   Skills:
 + Level 3.6 Fighting
 + Level 3.0 Maces & Flails
 + Level 4.9 Armour
 + Level 4.4 Shields


You had 4 spell levels left.
You didn't know any spells.
Your spell library was empty.

Dungeon Overview and Level Annotations

Branches:
Dungeon (3/15)

Altars:
Ru
Sif Muna
Wu Jian
The Shining One


Innate Abilities, Weirdness & Mutations

You are completely covered in rugged brown scales. (AC +3, +7% HP)
Armour fits poorly on your strangely shaped body.
You have a long armoured tail.
You roll when moving toward enemies. (Rampage)
Your long tongue fully drains potion bottles. (2x potion effects)
Your tongue gives you trouble enunciating. (1.5x scroll delay)


Message History

You see here a bat corpse.
You see here 14 gold pieces.
You hear the rusting of a distant drain.
You roll towards the gnoll!
You closely miss the gnoll.
Your tail-slap misses the gnoll.
The gnoll hits you but does no damage.
You barely miss the gnoll. The gnoll hits you with a +0 club.
The gnoll sergeant hits you from afar with a +0 spear.
You barely miss the gnoll. You block the gnoll's attack.
You block the gnoll sergeant's attack.
You slurp down every last drop of the potion of might!
You feel very mighty all of a sudden. The gnoll hits you with a +0 club.
The gnoll sergeant hits you from afar with a +0 spear.
You sock the gnoll!
You kill the gnoll!
The gnoll sergeant hits you from afar with a +0 spear. x2
You thump the gnoll!
You kill the gnoll!
The goblin hits you but does no damage.
The gnoll sergeant hits you from afar with a +0 spear.
Your Maces & Flails skill increases to level 3!
You hit the goblin.
The goblin is heavily wounded.
You block the gnoll sergeant's attack. The goblin hits you but does no damage.
You sock the goblin!
You kill the goblin!
The gnoll sergeant hits you from afar with a +0 spear.
You roll towards the gnoll sergeant!
The gnoll sergeant blocks your attack. You block the gnoll sergeant's attack.
The gnoll hits you with a +0 flail.
The gnoll sergeant hits you with a +0 spear.
* * * LOW HITPOINT WARNING * * *
You thump the gnoll sergeant!
The gnoll sergeant is moderately wounded.
The gnoll barely misses you.
The gnoll sergeant hits you with a +0 spear.
* * * LOW HITPOINT WARNING * * *
You sock the gnoll sergeant!
The gnoll sergeant is severely wounded.
The gnoll hits you with a +0 flail!
You die...

#..###.###...#,,
##.##.....##..#,*
#..#...#...#..,,*
##..#.<...<.#..,,,
#...#..._...#.,*,,
#...#.#...#.#..,,,
#.).....<......***
#g#..#.....#..** *
#@#..#######..#
#g.#.........##
********#$†..#........#***
**,,,*,,,#)###########..,,,
**,,,,,,,...# ***,,,,,,.,,,
*,,,,,,g....#***,,,********,
*,,,,...g....,,,,*** **
*,,,,........,,,**
**,,,......##*+*************


You could see a gnoll sergeant and a gnoll.

Vanquished Creatures
  An orc priest (D:2)
  An orc wizard (D:2)
  Robin (D:2)
  2 gnolls (D:3)
  3 adders
  A dart slug (D:1)
  2 orcs (D:2)
  5 endoplasms
  3 giant cockroaches
  18 goblins
  9 hobgoblins
  3 jackals (D:2)
  A quokka (D:2)
  3 ball pythons (D:2)
  6 bats
  A frilled lizard (D:1)
  8 kobolds
  8 rats
76 creatures vanquished.

Notes
Turn   | Place    | Note
-------+----------+-------------------------------------------
     0 | D:1      | CowFu the Armataur Fighter began the quest for the Orb.
     0 | D:1      | Reached XP level 1. HP: 19/19 MP: 1/1
   122 | D:1      | Reached XP level 2. HP: 26/26 MP: 2/2
   927 | D:2      | Reached XP level 3. HP: 33/33 MP: 3/3
   981 | D:2      | Reached XP level 4. HP: 28/40 MP: 4/4
  1297 | D:2      | Noticed Robin
  1314 | D:2      | Killed Robin
  1315 | D:2      | Reached XP level 5. HP: 27/48 MP: 5/5
  1797 | D:3      | Found a sacrificial altar of Ru.
  1798 | D:3      | Found an ornate altar of the Wu Jian Council.
  1798 | D:3      | Found a shimmering blue altar of Sif Muna.
  1798 | D:3      | Found a glowing golden altar of the Shining One.
  1805 | D:3      | Became a worshipper of the Shining One
  1852 | D:3      | Found a faded altar of an unknown god.
  1890 | D:3      | Slain by a gnoll

Illustrated notes

Levels and vault maps discovered:
D:1:      dpeg_arrival_subterranean_lakeside_camping, layout_basic,
          minmay_misc_feat_doors
D:2:      layout_loops_ring, minmay_box_of_dots, uniq_robin
D:3:      layout_rooms, minitemple, gammafunk_ghost_grave,
          nicolae_ecumenical_pavilion, cheibrodos_sewer_entry_bend,
          minmay_liquid_box

Skill      XL: |  1  2  3  4  5 |
---------------+----------------+-----
Maces & Flails | 2 3 |  3.0
Armour         | 4 |  4.9
Fighting       | 3 |  3.6
Shields        | 4 |  4.4

Action                     |  1- 3 |  4- 6 || total
---------------------------+-------+-------++-------
  Melee: Flail             |    84 |   115 ||   199
         Tailslap          |     5 |     9 ||    14
    Use: Scroll            |       |     5 ||     5
         Potion            |       |     1 ||     1
 Armour: Scale mail        |    53 |    60 ||   113
  Dodge: Dodged            |    29 |    35 ||    64
  Block: Buckler           |    20 |    27 ||    47

Table legend: (Time is in decaauts)
 A = Elapsed time spent in this place.
 B = Non-inter-level travel time spent in this place.
 C = Inter-level travel time spent in this place.
 D = Time resting spent in this place.
 E = Time spent auto-exploring this place.
 F = Levels seen in this place.
 G = Mean time per level.
                   A        B        C        D        E       F      G
               +--------+--------+--------+--------+--------+-----+--------+
         Total |   1951 |   1897 |     54 |      0 |   1365 |   3 |  650.3 |
       Dungeon |   1951 |   1897 |     54 |      0 |   1365 |   3 |  650.3 |
               +--------+--------+--------+--------+--------+-----+--------+

Top non-repeatable levels by time:
     D:1: 907 daAuts
     D:2: 877 daAuts
     D:3: 167 daAuts
